 Dungeon Crawl Stone Soup version 0.26.1-11-gd32895ea62 (webtiles) character file.

Game seed: 3752249608560134689

87 Zeld the Shield-Bearer (level 4, -3/33 HPs)
             Began as an Octopode Fighter on May 15, 2021.
             Killed from afar by an orc wizard (13 damage)
             ... with a puff of flame
             ... on level 3 of the Dungeon.
             The game lasted 00:04:05 (2110 turns).

Zeld the Shield-Bearer (Octopode Fighter)           Turns: 2110, Time: 00:04:06

Health: -3/33      AC:  1    Str: 16    XL:     4   Next: 51%
Magic:  4/4        EV: 11    Int: 10    God:
Gold:   52         SH:  9    Dex: 11    Spells: 3/3 levels left

rFire    . . .     SeeInvis .     - Unarmed
rCold    . . .     Faith    .   a - +0 kite shield
rNeg     . . .     Spirit   .   (helmet restricted)
rPois    .         Reflect  .   (no amulet)
rElec    .         Harm     .   (no ring)
rCorr    .         Rampage  .   (no ring)
Will     .....                  (no ring)
Stlth    ++........             (no ring)
HPRegen  0.11/turn              (no ring)
MPRegen  0.09/turn              (no ring)
                                (no ring)
                                (no ring)

@: no status effects
A: almost no armour, stealthy swim, amphibious, 8 rings, constrict 8, camouflage
1, gelatinous body 1
a: no special abilities


You were on level 3 of the Dungeon.
You visited 1 branch of the dungeon, and saw 3 of its levels.

You collected 52 gold pieces.

Inventory:

Missiles
 m - 5 poisoned darts (quivered)
Armour
 a - a +0 kite shield (worn)
Jewellery
 g - a +4 ring of evasion {unknown}
 i - a +6 ring of intelligence {unknown}
Scrolls
 c - 2 scrolls of identify {unknown}
 h - a scroll of teleportation {unknown}
 k - a scroll of blinking {unknown}
 n - a scroll of magic mapping {unknown}
Potions
 b - a potion of might
 d - a potion of magic {unknown}
 e - a potion of lignification {unknown}
 f - a potion of flight {unknown}
 j - 2 potions of curing {unknown}
 l - a potion of resistance {unknown}


   Skills:
 - Level 4.0 Fighting
 * Level 1.5 Throwing
 - Level 3.0 Dodging
 - Level 4.0 Shields
 - Level 2.0 Unarmed Combat


You had 3 spell levels left.
You didn't know any spells.
Your spell library was empty.

Dungeon Overview and Level Annotations

Branches:
Dungeon (3/15)

Altars:

Annotations:
D:2 Sigmund


Innate Abilities, Weirdness & Mutations

You cannot wear most types of armour.
You are very stealthy in the water. (Stealth+)
You are amphibious.
You can wear up to eight rings at the same time.
You can use your tentacles to constrict eight enemies at once.
Your skin changes colour to match your surroundings (Stealth+).
Your rubbery body absorbs attacks. (AC +1, EV +1)


Message History

There is a stone staircase leading down here.
Sigmund is nearby!
Sigmund is nearby!
You are too injured to fight recklessly!
You climb downwards.
The orc wizard points at you and mumbles some strange words.
The puff of frost hits you.
There is a stone staircase leading up here.
Found a silvery potion.
You tentacle-slap the orc wizard but do no damage.
Your grab misses the orc wizard.
The orc wizard hits you with a +0 dagger.
You block the orc wizard's attack.
You tentacle-slap the orc wizard. You grab the orc wizard.
You squeeze the orc wizard!
The orc wizard is severely wounded.
You constrict the orc wizard.
The orc wizard points at you and mumbles some strange words.
The puff of flame hits you!
You die...

#..##.## #.
#..#...#### #.
########.........###.
...................#.
########........)..#.
#####.........†...
#o..o.###.....†.##
#o##### ##......# #@#
##...#.# #.# ##.##.#
#.# #.##># #.# #.##.#
#.# #. #.# #.# #. #.#
#.! ... ### ..#


You could see an orc wizard (fast) and an orc.

Vanquished Creatures
  An orc priest (D:3)
  An adder (D:2)
  5 dart slugs
  2 leopard geckos
  A ball python (D:1)
  7 bats
  2 giant cockroaches
  3 hobgoblins
  2 jackals (D:1)
  7 kobolds
  2 frilled lizards (D:1)
  4 rats
37 creatures vanquished.

Notes
Turn   | Place    | Note
-------+----------+-------------------------------------------
     0 | D:1      | Zeld the Octopode Fighter began the quest for the Orb.
     0 | D:1      | Reached XP level 1. HP: 16/16 MP: 1/1
   133 | D:1      | Reached XP level 2. HP: 16/21 MP: 2/2
   548 | D:1      | Reached XP level 3. HP: 17/26 MP: 3/3
  1182 | D:2      | Noticed Sigmund
  1995 | D:3      | Reached XP level 4. HP: 29/33 MP: 4/4
  2090 | D:3      | Reached skill level 1 in Throwing
  2110 | D:3      | Killed from afar by an orc wizard

Illustrated notes

Levels and vault maps discovered:
D:1:      dpeg_arrival_stonehenge_8_columns, layout_rooms
D:2:      layout_rooms, kennysheep_donut, uniq_sigmund
D:3:      layout_loops_ring, trog_butcher_becter, uniq_terence, uniq_robin

Skill      XL: |  1  2  3  4 |
---------------+-------------+-----
Shields        | 4 |  4.0
Fighting       | 4 |  4.0
Throwing       | 1 |  1.5
Dodging        | |  3.0
Unarmed Combat | |  2.0

Action                   |  1- 3 |  4- 6 || total
-------------------------+-------+-------++-------
Melee: Unarmed           |    72 |    10 ||    82
       Constrict         |    23 |     3 ||    26
       Tentacles         |    15 |     2 ||    17
 Stab: Sleeping          |     6 |       ||     6
Armor: Skin              |     4 |     1 ||     5
Dodge: Dodged            |    43 |     2 ||    45
Block: Kite shield       |    41 |     4 ||    45
